 Dungeon Crawl Stone Soup version 0.26.1-10-gdfb7c7de75 (webtiles) character file.

Game seed: 2824687360682242201

36 phalm the Sneak (level 3, 0/17 HPs)
             Began as a Spriggan Enchanter on Apr 8, 2021.
             Succumbed to an adder's poison
             ... while paralysed
             ... on level 2 of the Dungeon.
             The game lasted 00:05:22 (1265 turns).

phalm the Sneak (Spriggan Enchanter)                Turns: 1265, Time: 00:05:23

Health: 0/17       AC:  2    Str:  0    XL:     3   Next: 19%
Magic:  8/8        EV:  4    Int: 16    God:
Gold:   100        SH:  0    Dex: 17    Spells: 4/7 levels left

rFire    . . .     SeeInvis +   a - +1 dagger
rCold    . . .     Faith    .   (shield restricted)
rNeg     + . .     Spirit   .   i - +1 robe
rPois    .         Reflect  .   (helmet restricted)
rElec    .         Harm     .   (no cloak)
rCorr    .         Rampage  .   (gloves unavailable)
Will     +....                  (boots unavailable)
Stlth    +++.......             (no amulet)
HPRegen  0.01/turn              c - ring of positive energy
MPRegen  0.11/turn              k - -4 ring of strength (curse)

@: paralysed, mighty, lethally poisoned (0 -> -15), slowed, lost strength, very
quick
A: very small, unfitting armour, see invisible, deformed body, speed 3,
strong-willed 1
a: no special abilities


You were on level 2 of the Dungeon.
You visited 1 branch of the dungeon, and saw 2 of its levels.

You collected 100 gold pieces.

Inventory:

Hand Weapons
 a - a +1 dagger (weapon)
 b - a +0 hunting sling
 o - a -3 dagger
Missiles
 f - 46 sling bullets
 g - 64 stones
Armour
 i - a +1 robe (worn)
Jewellery
 c - a ring of positive energy (left hand)
 k - a cursed -4 ring of strength (right hand)
Scrolls
 e - a scroll of remove curse


   Skills:
 + Level 0.4 Fighting
 + Level 1.5 Short Blades
 + Level 3.5 Dodging
 + Level 4.8 Stealth
 - Level 2.9 Spellcasting
 * Level 4.0 Hexes
 * Level 0.5 Ice Magic


You had 4 spell levels left.
You knew the following spells:

 Your Spells              Type           Power        Failure   Level
a - Corona                Hex            16%          3%          1
b - Ensorcelled Hibernat  Hex/Ice        18%          11%         2

Your spell library contained the following spells:

 Spells                   Type           Power        Failure   Level
 Confusing Touch          Hex            15%          11%         3
 Tukima's Dance           Hex            15%          11%         3
 Dazzling Flash           Conj/Hex       16%          24%         3


Dungeon Overview and Level Annotations

Branches:
Dungeon (2/15)

Altars:


Innate Abilities, Weirdness & Mutations

You are very small and have problems with some larger weapons.
You are too small for most types of armour.
You have supernaturally acute eyesight. (SInv)
You cover ground extremely quickly.
Armour fits poorly on your strangely shaped body.
You are strong-willed. (Will+)


Message History

You feel sick.
It was a potion of mutation.
You feel extremely strange.
Your body twists and deforms.
You feel strong-willed.
It was a potion of might.
You feel very mighty all of a sudden.
* * * LOW HITPOINT WARNING * * *
You feel sick.
There is a lethal amount of poison in your body!
There is a lethal amount of poison in your body!
* * * LOW HITPOINT WARNING * * *
You feel sick.
You see here a -3 dagger.
o - a -3 dagger
Okay, then.
You aren't carrying any potions.
Unknown command.
You feel weaker.
You have lost your strength.
Oops, that ring feels deathly cold.
k - a cursed -4 ring of strength (right hand)
You die...

. ###### #.....##[## ..
#....######..........
...#..................##
.<....................##
......................##
......................##
...##........<........##
.....###...........#####
.......@..†..........> #
....................#. #
.........†..........#.##
...............######...
....(..........#####....
..####.#.?.....#........ .
###.#########.....##.
#######+#####.......####.....###.
.................................


There were no monsters in sight!

Vanquished Creatures
  2 adders (D:2)
  A dart slug (D:1)
  A leopard gecko (D:1)
  3 bats
  A giant cockroach (D:2)
  2 hobgoblins (D:1)
  A goblin (D:1)
  3 kobolds
  4 rats
18 creatures vanquished.

Notes
Turn   | Place    | Note
-------+----------+-------------------------------------------
     0 | D:1      | phalm the Spriggan Enchanter began the quest for the Orb.
     0 | D:1      | Reached XP level 1. HP: 9/9 MP: 5/5
   131 | D:1      | Reached XP level 2. HP: 6/13 MP: 4/6
   465 | D:1      | Learned a level 2 spell: Ensorcelled Hibernation
  1255 | D:2      | Reached XP level 3. HP: 4/17 MP: 8/8
  1256 | D:2      | Gained mutation: Armour fits poorly on your strangely
                  | shaped body. [potion of mutation]
  1256 | D:2      | Gained mutation: You are strong-willed. (Will+) [potion of
                  | mutation]
  1265 | D:2      | Lost strength.
  1265 | D:2      | Succumbed to an adder's poison

Illustrated notes

Levels and vault maps discovered:
D:1:      beargit_arrival_greenhouse, layout_rooms
D:2:      layout_basic

Skill      XL: |  1  2 |
---------------+-------+-----
Hexes          | 4 |  4.0
Fighting       | |  0.4
Short Blades   | |  1.5
Dodging        | |  3.5
Stealth        | |  4.8
Spellcasting   | |  2.9
Ice Magic      | |  0.5

Action                   || total
-------------------------++-------
Melee: Dagger            ||    84
 Fire: Hunting sling     ||    12
 Cast: Corona            ||     5
  Use: Scroll            ||     5
       Potion            ||     3
 Stab: Sleeping          ||     9
Armor: Robe              ||     9
Dodge: Dodged            ||    57
